 Dungeon Crawl Stone Soup version 0.30-a0-364-gf6b3ef1049 (webtiles) character file.

Game seed: 12821323640535102090

3 Manisia the Chiller (level 1, 14/14 HPs)
             Began as a Ghoul Ice Elementalist on Nov 15, 2022.
             Safely got out of the dungeon.
             The game lasted 00:00:22 (69 turns).

Manisia the Chiller (Ghoul Ice Elementalist)          Turns: 69, Time: 00:00:23

Health: 14/14      AC:  2    Str: 11    XL:     1   Next: 50%
Magic:  2/2        EV: 12    Int: 10    God:
Gold:   0          SH:  0    Dex:  9    Spells: 2/3 levels left

rFire   . . .      SeeInvis .    (no weapon)
rCold   + . .      Faith    .    (no shield)
rNeg    + + +      Spirit   .    a - +0 robe
rPois   ∞          Reflect  .    (no helmet)
rElec   .          Harm     .    (no cloak)
rCorr   .          Rampage  .    (no gloves)
Will    .....                    (no boots)
Stlth   ++........               (no amulet)
HPRegen 0.22/turn                (no ring)
MPRegen 0.08/turn                (no ring)

@: no status effects
A: claws 1, cold resistance 1, negative energy resistance 3, inhibited
regeneration, torment resistance 2, devour on kill
a: no special abilities


You escaped.
You visited 1 branch of the dungeon, and saw 1 of its levels.

Inventory:

Armour
 a - a +0 robe (worn)
Potions
 b - a potion of magic


   Skills:
 + Level 1.7 Dodging
 + Level 2.2 Stealth
 + Level 1.8 Spellcasting
 + Level 4.5 Ice Magic


You had 2 spell levels left.
You knew the following spells:

 Your Spells              Type           Power      Damage    Failure   Level
a - Freeze                Ice            40%        1d6       4%          1

Your spell library contained the following spells:

 Spells                   Type           Power      Damage    Failure   Level
 Frozen Ramparts          Ice            20%        1d4       14%         3
 Ozocubu's Armour         Ice            10%        N/A       14%         3
 Summon Ice Beast         Ice/Summ       5%         N/A       77%         4


Dungeon Overview and Level Annotations

Branches:
Dungeon (1/15)

Altars:


Innate Abilities, Weirdness & Mutations

You are immune to poison.
You have sharp fingernails.
Your flesh is cold resistant. (rC+)
You are immune to negative energy. (rN+++)
You do not regenerate when monsters are visible.
You are immune to unholy pain and torment.
You thrive by killing the living.


Message History

A kobold comes into view. It is wielding a +0 whip.
The frilled lizard hisses angrily.
Casting: Freeze (safe; 5% risk of failure)
Confirm with . or Enter, or press ? or * to list all spells.
Aiming: Freeze (safe; 5% risk of failure)
Press: ? - help, Shift-Dir - straight line, f - frilled lizard
Aim: a frilled lizard You freeze the frilled lizard.
You kill the frilled lizard!
The kobold throws a stone.
The stone closely misses you.
The kobold throws a stone.
The stone hits you. The kobold closely misses you.
Casting: Freeze (safe; 4% risk of failure)
Confirm with . or Enter, or press ? or * to list all spells.
Aiming: Freeze (safe; 4% risk of failure)
Press: ? - help, Shift-Dir - straight line, f - kobold
Aim: a kobold, wielding a +0 whip and quivering stones You freeze the kobold.
The kobold is moderately wounded.
The kobold closely misses you.
You scratch the kobold but do no damage.
The kobold is moderately wounded.
The kobold completely misses you.
You barely miss the kobold.
The kobold is moderately wounded.
The kobold barely misses you.
You scratch the kobold.
You kill the kobold!
You feel better.
Things that are here:
a +0 whip; a stone; a kobold corpse You enter the shallow water.
Moving in this stuff is going to be slow.
There is a large open door here.
There is a staircase leading out of the dungeon here.
You can't go down here!
Unknown command.
You can't go down here!
Are you sure you want to leave the Dungeon?
This will make you lose the game!
You have escaped!

#######....# .#
####.......##.# ###.#
...........##.###...#
#.~~~≈≈§≈~~~.....######
#.~8~~≈≈~~8~...........
#.~~8~~~~8~~...........
#.≈~~#''#~~≈...........
#.≈≈~#..#~≈§.>.........
#.≈≈~#@.#~≈≈#.......†..
#.≈~~####~~≈#..........
#.~~8~~~~8~~#..........
#.~8~~≈≈§~8~#..........
...~~~≈≈≈§~~~#..........
##############......)...
#.......... #..........
###+#######


There were no monsters in sight!

Vanquished Creatures
  An endoplasm (D:1)
  A kobold (D:1)
  A frilled lizard (D:1)
3 creatures vanquished.

Notes
Turn   | Place    | Note
-------+----------+-------------------------------------------
     0 | D:1      | Manisia the Ghoul Ice Elementalist began the quest for the
                  | Orb.
     0 | D:1      | Reached XP level 1. HP: 14/14 MP: 2/2
    69 | D:$      | Safely got out of the dungeon.

Illustrated notes

Levels and vault maps discovered:
D:1:      lightli_arrival_boilingwater, layout_basic, serial_forest,
          infiniplex_forest_side_room, infiniplex_forest_lined_3,
          infiniplex_forest_end_3, infiniplex_forest_corner_1,
          infiniplex_forest_clump_long, infiniplex_forest_lined_2,
          infiniplex_forest_corner_1, infiniplex_forest_straight_2

Action                   || total
-------------------------++-------
Melee: Unarmed           ||     3
 Cast: Freeze            ||     4
Dodge: Dodged            ||     5

Table legend: (Time is in decaauts)
 A = Elapsed time spent in this place.
 B = Non-inter-level travel time spent in this place.
 C = Inter-level travel time spent in this place.
 D = Time resting spent in this place.
 E = Time spent auto-exploring this place.
 F = Levels seen in this place.
 G = Mean time per level.
                   A        B        C        D        E       F      G
               +--------+--------+--------+--------+--------+-----+--------+
         Total |     74 |     74 |      0 |      0 |     25 |   1 |   74.0 |
       Dungeon |     74 |     74 |      0 |      0 |     25 |   1 |   74.0 |
               +--------+--------+--------+--------+--------+-----+--------+

Top non-repeatable levels by time:
     D:1: 74 daAuts
